 Dungeon Crawl Stone Soup version 0.28.0-53-g5a82cb258f (webtiles) character file.

Game seed: 13926942532197150285

32593 Infinimo the Warrior (level 13, 0/157 HPs)
             Began as an Ogre Berserker on June 22, 2022.
             Was a High Priest of Trog.
             Slain by an eight-headed hydra (4 damage)
             ... on level 4 of the Lair of Beasts.
             The game lasted 00:21:47 (19948 turns).

Infinimo the Warrior (Ogre Berserker)              Turns: 19948, Time: 00:21:48

Health: 0/157      AC:  9    Str: 28    XL:     13   Next: 65%
Magic:  13/13      EV:  9    Int:  8    God:    Trog [*****.]
Gold:   557        SH:  0    Dex:  6    Spells: 12/12 levels left

rFire   . . .      SeeInvis +   t - +7 flail of Fate {spect, Fly rPois Dex-2 SInv}
rCold   . . .      Faith    .   (no shield)
rNeg    . . .      Spirit   .   C - +0 troll leather armour
rPois   +          Reflect  .   (helmet restricted)
rElec   .          Harm     .   c - scarf {shadows}
rCorr   .          Rampage  .   (gloves unavailable)
Will    +....                   (boots unavailable)
Stlth   +.........              (no amulet)
HPRegen 1.16/turn               o - +4 ring of protection
MPRegen 0.13/turn               (no ring)

@: flying, studying 2 skills
A: large, unfitting armour, tough skin 1
a: Renounce Religion, Berserk, Trog's Hand, Brothers in Arms


You were on level 4 of the Lair of Beasts.
You worshipped Trog.
Trog was extremely pleased with you.
You visited 2 branches of the dungeon, and saw 15 of its levels.
You also visited: Gauntlet.

You collected 557 gold pieces.

Inventory:

Hand Weapons
 q - a +0 giant spiked club
 t - the +7 flail of Fate (weapon) {spect, Fly rPois Dex-2 SInv}
   (You found it on level 7 of the Dungeon)

   When its wielder attacks, the weapon's spirit leaps out and strikes again.
   The spirit shares a part of any damage it takes with its wielder.
   Dex:       It affects your dexterity (-2).
   rPois:     It protects you from poison.
   SInv:      It lets you see invisible.
   Fly:       It grants you flight.
Missiles
 y - a throwing net (quivered)
Armour
 c - a scarf of shadows (worn)
 r - a +0 robe of positive energy
 C - a +0 troll leather armour (worn)
Jewellery
 o - a +4 ring of protection (left hand)
 x - a +6 ring of dexterity
 D - a ring of ice
 G - the ring of Nulic {rF+ Str+7 Int+6 Dex-4 Stlth+}
   (You found it on level 4 of the Lair of Beasts)

   [ring of intelligence]

   Str:       It affects your strength (+7).
   Int:       It affects your intelligence (+6).
   Dex:       It affects your dexterity (-4).
   rF:        It protects you from fire.
   Stlth:     It makes you more stealthy.
 H - an amulet of regeneration
 I - a +4 ring of evasion
 J - a ring of resist corrosion
 K - a +4 ring of protection
 O - a ring of poison resistance
Wands
 e - a wand of digging (6)
 v - a wand of iceblast (13)
 w - a wand of acid (7)
 z - a wand of charming (20)
 A - a wand of polymorph (2)
 E - a wand of paralysis (22)
 L - a wand of flame (10)
Scrolls
 a - a scroll of magic mapping
 i - a scroll of fear
 n - 2 scrolls of immolation
 u - 2 scrolls of identify
 M - 2 scrolls of teleportation
 N - a scroll of brand weapon {unknown}
Potions
 b - a potion of cancellation
 d - 3 potions of degeneration
 f - 2 potions of haste
 g - 2 potions of might
 h - 5 potions of attraction
 j - 3 potions of mutation
 k - a potion of magic
 l - a potion of brilliance
 m - 4 potions of heal wounds
 p - 2 potions of flight
 s - 2 potions of berserk rage
 B - 3 potions of curing
 F - 2 potions of ambrosia


   Skills:
 + Level 17.4 Fighting
 * Level 17.2 Maces & Flails
 - Level 2.6 Dodging


You had 12 spell levels left.
You didn't know any spells.
Your spell library was empty.

Dungeon Overview and Level Annotations

Branches:
Dungeon (11/15)            Temple (0/1) D:5            Lair (4/6) D:11
 Shoals (0/4) Lair:2       Spider (0/4) Lair:4          Orc (0/2) D:10
Gauntlet (visited)

Altars:
Ashenzari
Elyvilon
Fedhas
Gozag
Uskayaw
Vehumet
Xom
Yredelemnul
The Shining One
Beogh

Shops:
D:2 (


Innate Abilities, Weirdness & Mutations

You are too large for most types of armour.
You have tough skin. (AC +1)


Message History

The eight-headed hydra bites you but does no damage.
The eight-headed hydra bites you!
The eight-headed hydra bites you but does no damage.
The eight-headed hydra barely misses you.
The eight-headed hydra bites you but does no damage. x2
The eight-headed hydra barely misses you.
The eight-headed hydra bites you but does no damage.
The eight-headed hydra bites you. The eight-headed hydra bites you! x3
The eight-headed hydra bites you but does no damage. x2
The eight-headed hydra bites you.
The eight-headed hydra closely misses you.
You feel yourself speed up. The eight-headed hydra bites you. x2
* * * LOW HITPOINT WARNING * * *
The eight-headed hydra bites you.
* * * LOW HITPOINT WARNING * * *
The eight-headed hydra closely misses you.
The eight-headed hydra bites you!
* * * LOW HITPOINT WARNING * * *
The eight-headed hydra barely misses you.
The eight-headed hydra bites you but does no damage.
The eight-headed hydra bites you.
* * * LOW HITPOINT WARNING * * *
Being near the torpor snail leaves you feeling lethargic.
You feel yourself speed up.
Okay, then.
As you read the scroll of fear, it crumbles to dust.
You assume a fearsome visage.
The eight-headed hydra resists with some effort.
The death yak resists with almost no effort.
The death yak easily resists.
The eight-headed hydra barely misses you.
The eight-headed hydra bites you!
* * * LOW HITPOINT WARNING * * *
The eight-headed hydra bites you!
* * * LOW HITPOINT WARNING * * *
The eight-headed hydra bites you!
* * * LOW HITPOINT WARNING * * *
The eight-headed hydra bites you.
You die...

#. ##♣.♣##......#
♣.♣♣♣♣♣♣♣ ♣.♣.#...#.##
♣......♣ ♣♣..#<###..# Y
#...≈.♣ ♣♣...#..P#.## ..
#.....♣#♣..♣.#.....#
...#.#..w[Y♣#..♣♣.#....##
.....w....l♣#.♣♣♣.#......
#.....###Y♣♣♣♣♣♣.#P####..
...≈.. #♣..Y.D@.### ..#
#.....###.♣♣♣♣♣♣.# #.P
.........†.♣ ♣♣..# #.#
...#.#.....♣ ♣♣..:# #.#
..#(#..P..♣#♣..♣.# #.# .
#...≈.♣#..♣♣.# ##.######
♣......♣#.♣♣.♣#
#.....#.###
♣.♣♣♣♣♣♣♣#♣♣.♣♣
###..##...##. #. ♣.♣
###............


You could see 2 death yaks and an eight-headed hydra.

Vanquished Creatures
  A minotaur (Gauntlet)
  A boulder beetle (Lair:4)
  Harold (D:10)
  Erolcha (D:11)
  2 two-headed ogres
  Erica (D:8)
  6 death yaks
  Nergalle (D:10)
  Pikel (D:4)
  A deep elf pyromancer (D:11)
  An ugly thing (D:11)
  A cyclops (D:11)
  A torpor snail (Lair:4)
  Maurice (D:8)
  Joseph (D:7)
  2 elephants (Lair:4)
  A moth of wrath (Gauntlet)
  6 black mambas
  A centaur zombie (D:11)
  8 cane toads
  3 unseen horrors
  A minotaur zombie (Gauntlet)
  3 komodo dragons
  Psyche (D:8)
  3 rime drakes
  A meliai (D:11)
  A troll (D:11)
  A polar bear (Lair:1)
  Prince Ribbit (D:7)
  The ghost of Gabide the Ducker, an amateur HuMo (D:5)
  A raiju (Gauntlet)
  4 dream sheep (Lair:2)
  8 blink frogs
  16 yaks
  A shadow (D:10)
  2 wyverns
  2 redbacks (Lair:4)
  A basilisk (Lair:4)
  2 steam dragons
  7 vampire mosquitoes (D:11)
  7 water moccasins
  An acid dragon (D:9)
  4 orc warriors
  A sky beast (D:7)
  3 ice beasts
  A hornet zombie (D:9)
  5 wolves (Gauntlet)
  3 ogres
  3 centaurs
  4 kobold brigands
  10 bullfrogs
  2 wyvern zombies
  4 scorpions
  11 killer bees
  8 wights
  An electric eel (Lair:2)
  2 howler monkeys (D:10)
  4 jellies
  2 orc priests (D:5)
  4 hounds
  2 gnoll shamans
  A centaur skeleton (D:6)
  3 iguanas
  2 scorpion zombies (D:5)
  5 orc wizards
  2 killer bee zombies
  A hound skeleton (D:3)
  2 howler monkey zombies
  6 adders
  12 gnolls
  2 shadow imps
  2 white imps
  5 worms
  27 orcs
  6 bats
  8 endoplasms
  4 giant cockroaches
  7 goblins
  10 hobgoblins
  3 jackals (D:3)
  4 quokkas
  6 ball pythons
  3 frilled lizards
  24 kobolds
  11 rats
337 creatures vanquished.

Vanquished Creatures (others)
  9 fungi
  48 plants
57 creatures vanquished.

Grand Total: 394 creatures vanquished

Notes
Turn   | Place    | Note
-------+----------+-------------------------------------------
     0 | D:1      | Infinimo the Ogre Berserker began the quest for the Orb.
     0 | D:1      | Reached XP level 1. HP: 24/24 MP: 1/1
   191 | D:1      | Reached XP level 2. HP: 31/32 MP: 2/2
   458 | D:1      | Found a faded altar of an unknown god.
   615 | D:1      | Reached XP level 3. HP: 38/40 MP: 3/3
   892 | D:2      | Found Qistriwa's Weapon Boutique.
   938 | D:2      | Reached ** piety under Trog
   988 | D:2      | Reached XP level 4. HP: 26/49 MP: 4/4
  1320 | D:1      | Reached skill level 5 in Fighting
  2000 | D:2      | Found a white marble altar of Elyvilon.
  2373 | D:3      | Reached XP level 5. HP: 57/57 MP: 5/5
  2658 | D:3      | Noticed a kobold brigand
  2673 | D:3      | Killed a kobold brigand
  2674 | D:3      | Reached skill level 5 in Maces & Flails
  2674 | D:3      | Reached XP level 6. HP: 67/67 MP: 6/6
  4199 | D:4      | Reached *** piety under Trog
  4200 | D:4      | Reached XP level 7. HP: 52/76 MP: 7/7
  4379 | D:4      | Noticed Pikel
  4395 | D:4      | Killed Pikel
  4396 | D:4      | Reached XP level 8. HP: 81/88 MP: 8/8
  5346 | D:5      | Entered Level 5 of the Dungeon
  6287 | D:5      | Found a staircase to the Ecumenical Temple.
  6366 | D:5      | Found a runed translucent gate.
  6366 | D:5      | Noticed Gabide's ghost (amateur HuMo)
  6367 | D:5      | Found a runed translucent gate.
  6367 | D:5      | Identified the +8 hunting sling of the Hero {vorpal, +Blink
                  | Fly rF++ Str-3}
  6368 | D:5      | Found a runed translucent gate.
  6722 | D:5      | Killed Gabide's ghost
  6723 | D:5      | Reached XP level 9. HP: 28/100 MP: 9/9
  7319 | D:6      | Found a glowing golden altar of the Shining One.
  7714 | D:6      | Identified the +2 leather armour of Going Fast {rElec
                  | rPois}
  7810 | D:6      | Reached skill level 10 in Fighting
  8181 | D:7      | You fall into a shaft and drop 1 floor!
  8197 | D:8      | Noticed Psyche
  8211 | D:8      | Killed Psyche
  8212 | D:8      | Reached skill level 10 in Maces & Flails
  8593 | D:7      | Noticed Prince Ribbit
  8605 | D:7      | Killed Prince Ribbit
  8789 | D:7      | Noticed Joseph
  8800 | D:7      | Reached XP level 10. HP: 60/113 MP: 10/10
  9124 | D:7      | Killed Joseph
  9506 | D:7      | Found a radiant altar of Vehumet.
  9972 | D:7      | Identified the +7 flail of Fate {spect, Fly rPois Dex-2
                  | SInv}
 10292 | D:8      | Noticed Erica
 10302 | D:8      | Killed Erica
 10452 | D:8      | Noticed a +0 dagger
 10452 | D:8      | Noticed a +0 dagger
 10454 | D:8      | Found a hide-covered altar of Uskayaw.
 10708 | D:8      | Noticed Maurice
 10718 | D:8      | Killed Maurice
 10852 | D:8      | Reached **** piety under Trog
 12023 | D:9      | Found a broken altar of Ashenzari.
 12253 | D:9      | Reached XP level 11. HP: 126/126 MP: 11/11
 12578 | D:10     | Entered Level 10 of the Dungeon
 12601 | D:10     | Found an opulent altar of Gozag.
 12601 | D:10     | Found a basalt altar of Yredelemnul.
 12602 | D:10     | Found a shimmering altar of Xom.
 12605 | D:10     | Found a blossoming altar of Fedhas.
 12630 | D:10     | Noticed Harold
 12637 | D:10     | Killed Harold
 12651 | D:10     | Noticed a two-headed ogre
 12869 | D:10     | Killed a two-headed ogre
 13205 | D:10     | Noticed Nergalle
 13212 | D:10     | Noticed a spectral orc warlord
 13213 | D:10     | Killed Nergalle
 13675 | D:10     | Identified the +7 flail "Vediebb" {freeze, Fragile Will-
                  | Str+10 Dex+8}
 13714 | D:10     | Found a staircase to the Orcish Mines.
 13839 | D:11     | Found a gate leading to a gauntlet.
 13864 | Gauntlet | Entered a Gauntlet
 13864 | Gauntlet | Found a transporter.
 13881 | Gauntlet | Found a transporter.
 13885 | Gauntlet | Found a transporter.
 13893 | Gauntlet | Noticed a moth of wrath
 13895 | Gauntlet | Found a transporter.
 13897 | Gauntlet | Found a transporter.
 13906 | Gauntlet | Found a transporter.
 13907 | Gauntlet | Noticed a blizzard demon
 13910 | Gauntlet | Found a transporter.
 13912 | Gauntlet | Noticed a sixfirhy
 13913 | Gauntlet | Noticed a sixfirhy
 13918 | Gauntlet | Noticed a sixfirhy
 13919 | Gauntlet | Found a transporter.
 13921 | Gauntlet | Noticed a sixfirhy
 13923 | Gauntlet | Found a transporter.
 13927 | Gauntlet | Noticed a death yak
 13927 | Gauntlet | Noticed a necromancer
 13927 | Gauntlet | Noticed a death yak
 13928 | Gauntlet | Noticed a death yak
 13930 | Gauntlet | Noticed a death yak
 13931 | Gauntlet | Found a transporter.
 13961 | Gauntlet | Found a transporter.
 13973 | Gauntlet | Found a transporter.
 13986 | Gauntlet | Found a transporter.
 13999 | Gauntlet | Found a transporter.
 14192 | Gauntlet | Killed a moth of wrath
 14373 | Gauntlet | Noticed a minotaur
 14380 | Gauntlet | Killed a minotaur
 14619 | D:11     | Found a staircase to the Lair.
 14643 | D:11     | Noticed Erolcha
 14648 | D:11     | Killed Erolcha
 14649 | D:11     | Reached XP level 12. HP: 140/140 MP: 12/12
 14832 | D:11     | Noticed a two-headed ogre
 15156 | D:11     | Reached skill level 15 in Fighting
 15818 | D:11     | Killed a two-headed ogre
 15819 | D:11     | Reached skill level 15 in Maces & Flails
 16170 | Lair:1   | Entered Level 1 of the Lair of Beasts
 17861 | Lair:2   | Found a staircase to the Shoals.
 17875 | Lair:2   | Reached XP level 13. HP: 149/153 MP: 13/13
 18234 | Lair:2   | Reached ***** piety under Trog
 18457 | Lair:3   | Found an opulent altar of Gozag.
 19104 | Lair:4   | Found a hole to the Spider Nest.
 19169 | Lair:4   | Identified the ring of Nulic {rF+ Str+7 Int+6 Dex-4 Stlth+}
 19948 | Lair:4   | HP: 4/157 [eight-headed hydra (13)]
 19948 | Lair:4   | Slain by an eight-headed hydra

Illustrated notes

Levels and vault maps discovered:
D:1:      wheals_arrival_shading, layout_rooms,
          shapermc_ecumenical_altar_mp_ritualfount, serial_bayou_crossing
D:2:      layout_loops_cross, basic_altar, serial_shops,
          nicolae_shop_bloodbath_and_beyond, st_stairs_4, minmay_joined_circles
D:3:      cheibrodos_thug_alley, layout_loops_ring
D:4:      layout_layer_cave, uniq_pikel
D:5:      layout_rooms, temple_statues, biasface_ghost_orc_armoury,
          kennysheep_windowed_goal
D:6:      layout_basic, tso_metal_star
D:7:      layout_basic, vehumet_crystals, uniq_joseph, uniq_prince_ribbit1
D:8:      layout_basic, dancing_weapons_uskayaw, hangedman_decor_points,
          kennysheep_boxes, uniq_erica, uniq_maurice, uniq_psyche
D:9:      layout_loops_ring, evilmike_ruin_ashenzari
D:10:     layout_loops_ring, minitemple, orc_0_dummy, uniq_nergalle, uniq_harold
D:11:     layout_rooms, lair_entry_dummy, gauntlet_entry_generic,
          glass_columns_a, minmay_mirror_moons_of_madness, uniq_erolcha
Lair:1:   layout_small_grid, st_stairs_11, minivault_26, serial_bayou_shore_b
Lair:2:   layout_cave_pods, elwin_shoals_entry_rocks, serial_bayou_pond_a
Lair:3:   layout_hall_layers, basic_altar
Lair:4:   nzn_winding_woodlands_large [nzn_winding_woodlands_hourglass,
          nzn_winding_woodlands_5x15_split_checker,
          nzn_winding_woodlands_5x5_default,
          nzn_winding_woodlands_center_pierced_h,
          nzn_winding_woodlands_15x15_five_gardens,
          nzn_winding_woodlands_center_triple_pond,
          nzn_winding_woodlands_5x5_checkerboard,
          nzn_winding_woodlands_5x15_pockets,
          nzn_winding_woodlands_5x5_default], layout_loops_ring,
          spider_nest_entry_webs

Skill      XL: |  1  2  3  4  5  6  7  8  9 10 11 12 13 |
---------------+----------------------------------------+-----
Maces & Flails | 3 4 5 7 9 10 12 14 16 17 | 17.2
Fighting       | 5 6 7 9 11 12 14 16 17 | 17.4
Dodging        | |  2.6

Action                   |  1- 3 |  4- 6 |  7- 9 | 10-12 | 13-15 || total
-------------------------+-------+-------+-------+-------+-------++-------
Melee: Mace              |   116 |   194 |    20 |       |       ||   330
       Punch             |       |     4 |     5 |     3 |     2 ||    14
       Whip              |       |       |   301 |    63 |       ||   364
       Flail             |       |       |       |   340 |   157 ||   497
       Unarmed           |       |       |       |     1 |       ||     1
Invok: Berserk           |     2 |     7 |    12 |    13 |     3 ||    37
  Use: Potion            |     1 |       |       |       |       ||     1
       Scroll            |       |       |    13 |    10 |     5 ||    28
 Stab: Distracted        |       |     1 |       |     6 |     2 ||     9
       Sleeping          |       |     1 |       |       |       ||     1
Armor: Animal skin       |    52 |    61 |    53 |    17 |       ||   183
       Robe              |       |       |       |    76 |       ||    76
       Skin              |       |       |       |     3 |       ||     3
       Troll leather arm |       |       |       |    13 |    40 ||    53
Dodge: Dodged            |    80 |   100 |    94 |   154 |    40 ||   468
